 Dungeon Crawl Stone Soup version 0.29-a0-925-g0a7a3d12f8 (webtiles) character file.

Game seed: 9165291641583957212

23 mcwallace the Firebug (level 2, 0/15 HPs)
             Began as a Deep Elf Fire Elementalist on July 30, 2022.
             Slain by a gnoll
             ... wielding a +0 club
              (3 damage)
             ... on level 2 of the Dungeon.
             The game lasted 00:02:11 (1191 turns).

mcwallace the Firebug (Deep Elf Fire Elementalist)  Turns: 1191, Time: 00:02:11

Health: 0/15       AC:  2    Str:  5    XL:     2   Next: 72%
Magic:  4/8        EV: 13    Int: 19    God:
Gold:   48         SH:  0    Dex: 15    Spells: 6/7 levels left

rFire   . . .      SeeInvis .   q - +0 mace {mace}
rCold   . . .      Faith    .   (no shield)
rNeg    . . .      Spirit   .   a - +0 robe
rPois   .          Reflect  .   (no helmet)
rElec   .          Harm     .   (no cloak)
rCorr   .          Rampage  .   (no gloves)
Will    .....                   (no boots)
Stlth   ++........              (no amulet)
HPRegen 0.05/turn               (no ring)
MPRegen 0.11/turn               (no ring)

@: no status effects
A: no striking features
a: no special abilities


You were on level 2 of the Dungeon.
You visited 1 branch of the dungeon, and saw 2 of its levels.

You collected 48 gold pieces.


   Skills:
 + Level 2.9 Dodging
 - Level 2.4 Stealth
 + Level 3.4 Spellcasting
 + Level 1.8 Conjurations
 + Level 3.6 Fire Magic


You had 6 spell levels left.
You knew the following spells:

 Your Spells              Type           Power      Damage    Failure   Level
a - Foxfire               Conj/Fire      52%        2x1d6     4%          1

Your spell library contained the following spells:

 Spells                   Type           Power      Damage    Failure   Level
 Scorch                   Fire           34%        2d7       4%          2
 Conjure Flame            Conj/Fire      13%        6-21      14%         3
 Inner Flame              Hex/Fire       10%        N/A       21%         3
 Flame Wave               Conj/Fire      13%        2d6       43%         4

Inventory:

Hand Weapons
 c - a +0 club {mace}
   (You took it off a goblin on level 1 of the Dungeon)
 e - a +0 dagger {short}
   (You took it off a goblin on level 1 of the Dungeon)
 f - a +0 sling
   (You found it on level 1 of the Dungeon)
 q - a +0 mace (weapon) {mace}
   (You found it on level 1 of the Dungeon)
Missiles
 p - 5 stones {throwing}
Armour
 a - a +0 robe (worn)
 h - a +0 robe
   (You found it on level 1 of the Dungeon)
 m - a +0 leather armour
   (You found it on level 1 of the Dungeon)
Magical Staves
 l - a staff of death {!astaff}
   (You found it on level 1 of the Dungeon)
Scrolls
 d - a scroll of poison {unknown}
 n - a scroll of noise {unknown}
 o - a scroll of identify {unknown}
Potions
 b - a potion of magic
 g - a potion of heal wounds {unknown}
 i - a potion of berserk rage {unknown}
 j - 3 potions of degeneration {unknown}
 k - 2 potions of brilliance {unknown}

Dungeon Overview and Level Annotations

Branches:
Dungeon (2/15) Zot: 10798

Altars:

.. ... .. .). ##. ##g###
... .g.. #.# ##.# #.#
##..########
##########.###..###......
........gg...#.####......
########@###..g.g##......
#.# ##.##......... #.#
#..#####.gg.<. ##.#
#.######...... #..#
#............. #.##
##############
#.#################
#..................
###################


You could see 2 gnolls.


Message History

No target in view!
A goblin comes into view. It is wielding a +0 dagger.
You shoot a sling bullet. The sling bullet hits the goblin.
The goblin shouts!
You hear a shout!
You shoot a sling bullet. The sling bullet hits the goblin.
You kill the goblin!
You hear a shout! x2
A gnoll comes into view. It is wielding a +0 whip.
You shoot a sling bullet.
The sling bullet barely misses the gnoll.
A gnoll comes into view. It is wielding a +0 spear.
A gnoll comes into view. It is wielding a +0 club.
There are monsters nearby!
You shoot a sling bullet. The sling bullet hits the gnoll.
Casting: Foxfire (safe; 5% risk of failure)
Confirm with . or Enter, or press ? or * to list all spells.
You conjure some foxfire!
The gnoll hits you from afar with a +0 spear. 😮 HP[-5] MP[-1]
You take 5 damage, and now have 10/15 hp.
MASSIVE DAMAGE!! (PAUSE)
You lost 1 mp, and now have 7/8 mp.
The foxfire hits the gnoll. 😮 MP[+1]
Your mp is fully restored (8).
There is a stone staircase leading up here.
The gnoll hits you from afar with a +0 spear!
Ouch! That really hurt!
* * * LOW HITPOINT WARNING * * *
You climb upwards.
There is a stone staircase leading down here. 😱 HP[-8]
You take 8 damage, and now have 2/15 hp.
MASSIVE DAMAGE!! (PAUSE)
You start resting. 😎 HP[+13]
Your hp is fully restored (15).
You open the door.
There is an open door here.
There is a stone staircase leading down here.
There is an open door here.
There is an open door here.
You see here a +0 mace {mace}.
q - a +0 mace {mace}
q - a +0 mace (weapon)
{mace}
There is an open door here.
There is an open door here.
There is a stone staircase leading down here.
You climb downwards.
There is a stone staircase leading up here.
You conjure some foxfire!
The gnoll shouts!
You hear a shout! 😎 MP[-1]
You lost 1 mp, and now have 7/8 mp.
The foxfire hits the gnoll.
You conjure some foxfire! 😎 MP[-1]
You lost 1 mp, and now have 6/8 mp.
You conjure some foxfire! 😎 MP[-1]
You lost 1 mp, and now have 5/8 mp.
There are no items here.
The foxfire hits the gnoll but does no damage.
You conjure some foxfire!
The foxfire hits the gnoll.
The foxfire hits the gnoll. x2
You conjure some foxfire! 😎 MP[-1]
You lost 1 mp, and now have 4/8 mp.
The foxfire hits the gnoll.
You kill the gnoll!
Casting: Foxfire (safe; 4% risk of failure)
Confirm with . or Enter, or press ? or * to list all spells.
You conjure some foxfire!
The foxfire hits the gnoll. 😎 MP[-1]
You lost 1 mp, and now have 3/8 mp.
You hit the gnoll but do no damage.
The foxfire hits the gnoll.
You hit the gnoll but do no damage. The gnoll completely misses you.
Casting: Foxfire (safe; 4% risk of failure)
Confirm with . or Enter, or press ? or * to list all spells.
Okay, then.
You closely miss the gnoll. The gnoll closely misses you.
The gnoll hits you with a +0 whip. 😕 HP[-3]
You take 3 damage, and now have 12/15 hp.
You hit the gnoll but do no damage. The gnoll hits you with a +0 whip.
* * * LOW HITPOINT WARNING * * *
The gnoll misses you. 😨 HP[-6] MP[+1]
You take 6 damage, and now have 6/15 hp.
MASSIVE DAMAGE!! (PAUSE)
You hit the gnoll but do no damage.
The gnoll hits you but does no damage. x2
The gnoll misses you. The gnoll completely misses you.
You closely miss the gnoll. The gnoll hits you with a +0 club.
* * * LOW HITPOINT WARNING * * *
The gnoll barely misses you. 😱 HP[-3]
You take 3 damage, and now have 3/15 hp.
Unknown command.
The gnoll attacks as you move away! The gnoll hits you with a +0 club.
You die...

Action                   || total
-------------------------++-------
Melee: Mace              ||     6
 Fire: Sling             ||    19
 Cast: Foxfire           ||    14
Armor: Robe              ||     3
Dodge: Dodged            ||     9

Levels and vault maps discovered:
D:1:      lightli_arrival_boilingwater, layout_basic
D:2:      layout_rooms, basic_altar, uniq_sigmund

Notes
Turn   | Place    | Note
-------+----------+-------------------------------------------
     0 | D:1      | mcwallace the Deep Elf Fire Elementalist began the quest
                  | for the Orb.
     0 | D:1      | Reached XP level 1. HP: 10/10 MP: 6/6
     0 | D:1      | magus.rc [v1.9.6]
   237 | D:1      | Reached XP level 2. HP: 15/15 MP: 8/8
   781 | D:2      | HP: 2/15 [gnoll/+0 spear (8)]
  1190 | D:2      | HP: 3/15 [gnoll/+0 club (3)]
  1191 | D:2      | Slain by a gnoll

Vanquished Creatures
  A gnoll (D:2)
  An endoplasm (D:1)
  3 goblins
  2 hobgoblins (D:1)
  2 quokkas (D:1)
  A ball python (D:1)
  A bat (D:1)
  2 rats (D:1)
13 creatures vanquished.

Vanquished Creatures (others)
  21 foxfires
21 creatures vanquished.

Grand Total: 34 creatures vanquished

Table legend:
 A = Non-vault XP
 B = Vault XP
 C = Vault XP percentage of total XP
 D = Non-vault monster count
 E = Vault monster count
 F = Vault count percentage of total count
                 A         B        C        D         E       F
            +---------+---------+-------+---------+---------+-------
      Total |      33 |       0 |   0.0 |      13 |       0 |   0.0
            +---------+---------+-------+---------+---------+-------
        D:1 |      18 |       0 |   0.0 |      11 |       0 |   0.0
        D:2 |      15 |       0 |   0.0 |       2 |       0 |   0.0
            +---------+---------+-------+---------+---------+-------

Illustrated notes

Table legend:
 A = Kills in this place as a percentage of kills in entire the game.
 B = Kills by you in this place as a percentage of kills by you in the entire game.
 C = Kills by friends in this place as a percentage of kills by friends in the entire game.
 D = Other kills in this place as a percentage of other kills in the entire game.
 E = Experience gained in this place as a percentage of experience gained in the entire game.
 F = Experience gained in this place divided by the number of levels of this place that you have seen.
                   A       B       C       D       E      F
               +-------+-------+-------+-------+-------+----------------------
         Total | 100.0 | 100.0 |   N/A |   N/A | 100.0 |  16.5
       Dungeon | 100.0 | 100.0 |   N/A |   N/A | 100.0 |  16.5
               +-------+-------+-------+-------+-------+----------------------

Table legend: (Time is in decaauts)
 A = Elapsed time spent in this place.
 B = Non-inter-level travel time spent in this place.
 C = Inter-level travel time spent in this place.
 D = Time resting spent in this place.
 E = Time spent auto-exploring this place.
 F = Levels seen in this place.
 G = Mean time per level.
                   A        B        C        D        E       F      G
               +--------+--------+--------+--------+--------+-----+--------+
         Total |   1201 |    997 |    204 |    243 |    646 |   2 |  600.5 |
       Dungeon |   1201 |    997 |    204 |    243 |    646 |   2 |  600.5 |
               +--------+--------+--------+--------+--------+-----+--------+

Top non-repeatable levels by time:
     D:1: 1084 daAuts
     D:2: 117 daAuts
